 Dungeon Crawl Stone Soup version 0.31-a0-202-g547052bce9 (webtiles) character file.

Game seed: 2186161642831690923

58 qw the Shooter (level 3, 0/20 HPs)
             Began as a Deep Elf Hunter on June 26, 2023.
             Slain by a frilled lizard (1 damage)
             ... on level 2 of the Dungeon.
             The game lasted 00:00:25 (985 turns).

qw the Shooter (Deep Elf Hunter)                     Turns: 985, Time: 00:00:26

Health: 0/20       AC:  3    Str: 10    XL:     3   Next: 76%
Magic:  5/5        EV: 12    Int: 13    God:
Gold:   77         SH:  0    Dex: 18    Spells: 2/2 levels left

rFire   . . .        Y - +0 shortbow
rCold   . . .        (shield currently unavailable)
rNeg    . . .        c - +0 leather armour
rPois   .            (no helmet)
rElec   .            (no cloak)
rCorr   .            (no gloves)
SInv    .            (no boots)
Will    .....        (no amulet)
Stlth   ++           (no ring)
HPRegen 0.23/turn    (no ring)
MPRegen 0.09/turn

%: no passive effects
@: lethally poisoned (0 -> -2)
A: no striking features
a: no special abilities


You were on level 2 of the Dungeon.
You visited 1 branch of the dungeon, and saw 2 of its levels.

You collected 77 gold pieces.


   Skills:
 - Level 1.5 Fighting
 + Level 7.2 Ranged Weapons
 - Level 2.4 Dodging
 - Level 1.2 Stealth


You had 2 spell levels left.
You didn't know any spells.
Your spell library was empty.

Inventory:

Hand Weapons
 Y - a +0 shortbow (weapon)
Armour
 b - a +0 ring mail
 c - a +0 leather armour (worn)
Scrolls
 a - 4 scrolls of enchant armour {unknown}
Potions
 d - a potion of haste
 f - a potion of curing

Dungeon Overview and Level Annotations

Branches:
Dungeon (2/15)

Altars:


Message History

You feel sick.
You hear a shout!
The adder closely misses you.
The frilled lizard bites you but does no damage.
The hobgoblin completely misses you.
You shoot an arrow. The arrow closely misses the adder.
The arrow hits the hobgoblin.
You kill the hobgoblin!
You feel sick. The adder closely misses you. The adder bites you.
The frilled lizard bites you but does no damage.
The hobgoblin barely misses you.
You shoot an arrow. The arrow misses the adder.
You feel sick.
You are no longer poisoned.
The adder closely misses you.
The frilled lizard bites you but does no damage.
The hobgoblin completely misses you.
You shoot an arrow. The arrow hits the adder.
The adder is heavily wounded.
The adder bites you but does no damage.
The frilled lizard bites you but does no damage.
The hobgoblin barely misses you.
You shoot an arrow. The arrow hits the adder.
The adder is heavily wounded.
The frilled lizard closely misses you. The hobgoblin barely misses you.
The ball python misses you. The ball python barely misses you.
The adder barely misses you.
You shoot an arrow.
The arrow hits the adder but does no damage.
The adder is heavily wounded.
The adder bites you.
You are lethally poisoned!
The adder poisons you! The ball python closely misses you.
The ball python grabs you. The ball python constricts you.
The frilled lizard bites you but does no damage.
The hobgoblin completely misses you.
You shoot an arrow. The arrow hits the ball python!
You kill the ball python!
You feel sick. The adder closely misses you. The frilled lizard bites you.
You die...

#.#.# .# #.#.#
.. ## ######.#.#
. #. .#
####......#.. ..
#.#.
#....########
#.###...###.####
# ....r##...#
....#.#g##.###
#....Sl@S..#
#.#.#.g##### #..
...# .### #


You could see an adder, 2 hobgoblins, a ball python, a frilled lizard and a rat.

Vanquished Creatures
  An adder (D:2)
  A worm (D:2)
  A bat (D:1)
  6 endoplasms
  A giant cockroach (D:1)
  5 goblins
  6 hobgoblins
  4 jackals
  2 quokkas (D:1)
  5 ball pythons
  A frilled lizard (D:2)
  3 kobolds
  5 rats
41 creatures vanquished.

Notes
Turn   | Place    | Note
-------+----------+-------------------------------------------
     0 | D:1      | qw the Deep Elf Hunter began the quest for the Orb.
     0 | D:1      | Reached XP level 1. HP: 12/12 MP: 3/3
     0 | D:1      | 0 ||| qw: Version: 0.3-a-22-g0ed2b0b
     0 | D:1      | 0 ||| qw: Game counter: 5769
     0 | D:1      | 0 ||| qw: Melee chars always use a shield: true
     0 | D:1      | 0 ||| qw: God list: Okawaru
     0 | D:1      | 0 ||| qw: Allow faded altars: false
     0 | D:1      | 0 ||| qw: Do Orc after clearing Dungeon:15 true
     0 | D:1      | 0 ||| qw: Do second Lair branch before Depths: true
     0 | D:1      | 0 ||| qw: Lair rune preference: random
     0 | D:1      | 0 ||| qw: Goals: Normal
     0 | D:1      | 0 ||| PLANNING D:1-11
   133 | D:1      | Reached skill level 6 in Ranged Weapons
   133 | D:1      | Reached XP level 2. HP: 16/16 MP: 4/4
   314 | D:1      | Found a faded altar of an unknown god.
   514 | D:1      | Reached XP level 3. HP: 19/20 MP: 5/5
   693 | D:1      | 693 ||| READING scroll labelled ATSUHIUHAET.
   694 | D:1      | 694 ||| DRINKING 2 fizzy grey potions.
   695 | D:1      | 695 ||| DRINKING 2 glowing emerald potions.
   696 | D:1      | 696 ||| DROPPING scroll of butterflies.
   848 | D:2      | Reached skill level 7 in Ranged Weapons
   981 | D:2      | HP: 5/20 [poisoned by an adder]
   984 | D:2      | HP: 2/20 [adder (4)]
   985 | D:2      | Slain by a frilled lizard

Levels and vault maps discovered:
D:1:      dpeg_arrival_renting, layout_loops_ring, basic_ecumenical_altar
D:2:      layout_basic, minmay_fractal_squares_5, uniq_natasha

Skill      XL: |  1  2  3 |
---------------+----------+-----
Ranged Weapons | 6 7 |  7.2
Fighting       | |  1.5
Dodging        | |  2.4
Stealth        | |  1.2

Action                     || total
---------------------------++-------
   Fire: Shortbow          ||   119
    Use: Potion            ||     2
         Scroll            ||     1
 Armour: Leather armour    ||    16
  Dodge: Dodged            ||    41

Table legend:
 A = Non-vault XP
 B = Vault XP
 C = Vault XP percentage of total XP
 D = Non-vault monster count
 E = Vault monster count
 F = Vault count percentage of total count
                 A         B        C        D         E       F
            +---------+---------+-------+---------+---------+-------
      Total |      84 |       2 |   2.3 |      40 |       1 |   2.4
            +---------+---------+-------+---------+---------+-------
        D:1 |      45 |       0 |   0.0 |      26 |       0 |   0.0
        D:2 |      39 |       2 |   4.9 |      14 |       1 |   6.7
            +---------+---------+-------+---------+---------+-------
